 Dungeon Crawl Stone Soup version 0.30-a0-965-g42e074c17a (webtiles) character file.

Game seed: 3875037546220851853

601914 oldriver the Slayer (level 27, -20/195 HPs)
             Began as a Gargoyle Fighter on Mar 30, 2023.
             Was a High Priest of Zin.
             Demolished by a demonspawn warmonger
             ... wielding a +0 great sword
              (45 damage)
             ... in Pandemonium on Mar 31, 2023.
             The game lasted 02:09:43 (59622 turns).

oldriver the Slayer (Gargoyle Fighter)             Turns: 59622, Time: 02:09:43

Health: -20/195    AC: 64    Str: 43    XL:     27
Magic:  32/33      EV: 16    Int: 15    God:    Zin [*****.]
Gold:   5931       SH: 20    Dex: 27    Spells: 26/26 levels left

rFire   + + +      SeeInvis +    a - +9 broad axe (heavy)
rCold   + + +      Faith    .    v - +4 kite shield of Runax {rC+ Will+}
rNeg    + + +      Spirit   .    D - +5 gold dragon scales
rPois   ∞          Reflect  .    P - +4 hat of Curu {rPois rN+ Int-2}
rElec   +          Rampage  .    V - +2 cloak {rCorr}
rCorr   +                        y - +0 pair of gloves of the Evening {Regen+ Int+3}
Will    ++++.                    c - +1 pair of boots "Atymn" {Drain rF+++ Will+ Dex+2} Stlth
                                 q - amulet of Uneinaug {rElec Regen+ Dex+7}
HPRegen 2.12/turn                X - ring of Vosigunu {+Blink rC+ Str+6}
MPRegen 0.23/turn                l - ring "Voneteud" {rN+ Dex+5 SInv}

@: vitalised, weakened, on recite cooldown, flying, studying 2 skills
A: sickness immunity, AC +20, big wings, negative energy resistance 1,
electricity resistance, torment resistance 1, petrification resistance, mutation
resistance 1
}: 4/15 runes: decaying, slimy, silver, gossamer
a: Renounce Religion, Evoke Blink, Recite, Vitalisation, Imprison, Sanctuary,
Donate Gold


You were in Pandemonium.
You worshipped Zin.
Zin was extremely pleased with you.
You visited 13 branches of the dungeon, and saw 53 of its levels.
You visited Pandemonium 1 time, and saw 1 of its levels.
You also visited: Ice Cave, Volcano and Wizlab.

You collected 7787 gold pieces.
You spent 1657 gold pieces at shops.
You donated 199 gold pieces to Zin.

Inventory:

Hand Weapons
 a - a +9 heavy broad axe (weapon)
 b - the +6 eveningstar of Ewetoem {heavy, rF+ rCorr Str+2 Int-2}
   (You found it on level 10 of the Dungeon)

   Str:       It affects your strength (+2).
   Int:       It affects your intelligence (-2).
   rF:        It protects you from fire.
   rCorr:     It protects you from acid and corrosion.
Missiles
 j - 9 silver javelins
 r - 14 boomerangs (quivered)
 Z - 10 curare-tipped darts
Armour
 c - the +1 pair of boots "Atymn" (worn) {Drain rF+++ Will+ Dex+2}
   (Okawaru gifted it to you on level 1 of the Spider Nest)

   Dex:       It affects your dexterity (+2).
   rF:        It renders you almost immune to fire.
   Drain:     It drains your maximum health when unequipped.
   Will:      It increases your willpower.
 v - the +4 kite shield of Runax (worn) {rC+ Will+}
   (You acquired it on level 5 of the Lair of Beasts)

   rC:        It protects you from cold.
   Will:      It increases your willpower.
 x - the +2 cloak of the Thief {*Fog Slay-2 SInv Stlth+}
   (You found it in a wizard's laboratory)

   *Fog:      It may release a thick cloud of smoke when the wearer is hurt.
   Slay:      It affects your accuracy & damage with ranged weapons and melee
   (-2).
   SInv:      It lets you see invisible.
   Stlth:     It makes you more stealthy.
 y - the +0 pair of gloves of the Evening (worn) {Regen+ Int+3}
   (Okawaru gifted it to you on level 1 of the Swamp)

   Int:       It affects your intelligence (+3).
   Regen:     It increases your rate of health regeneration.
 D - +5 gold dragon scales (worn)
 P - the +4 hat of Curu (worn) {rPois rN+ Int-2}
   (You found it on level 4 of the Spider Nest)

   Int:       It affects your intelligence (-2).
   rPois:     It protects you from poison.
   rN:        It protects you from negative energy.
 V - a +2 cloak of preservation (worn)
Jewellery
 l - the ring "Voneteud" (right hand) {rN+ Dex+5 SInv}
   (You found it on level 5 of the Pits of Slime)

   [ring of see invisible]

   Dex:       It affects your dexterity (+5).
   rN:        It protects you from negative energy.
   SInv:      It lets you see invisible.
 q - the amulet of Uneinaug (around neck) {rElec Regen+ Dex+7}
   (You took it off a deep elf high priest on level 3 of the Elven Halls)

   [amulet of regeneration]

   Dex:       It affects your dexterity (+7).
   rElec:     It insulates you from electricity.
   Regen:     It increases your rate of health regeneration.
 X - the ring of Vosigunu (left hand) {+Blink rC+ Str+6}
   (You found it in an ice cave)

   [ring of strength]

   Str:       It affects your strength (+6).
   rC:        It protects you from cold.
   +Blink:    It lets you blink.
Wands
 d - a wand of acid (17)
 k - a wand of roots (50)
 I - a wand of digging (7)
 U - a wand of mindburst (44)
Scrolls
 i - 7 scrolls of magic mapping
 m - 15 scrolls of fog
 p - 34 scrolls of teleportation
 s - 10 scrolls of blinking
 F - 3 scrolls of silence
 G - 8 scrolls of fear
 K - 10 scrolls of poison
 S - 6 scrolls of amnesia
Potions
 e - 3 potions of magic
 f - 6 potions of haste
 g - 25 potions of curing
 o - 11 potions of brilliance
 u - 6 potions of resistance
 z - 2 potions of heal wounds
 A - 3 potions of invisibility
 C - 11 potions of might
 O - 5 potions of berserk rage
 Q - 10 potions of cancellation
Miscellaneous
 t - a phial of floods
 w - a phantom mirror
 E - a lightning rod (4/4)
 H - a condenser vane (inert)
 L - a tin of tremorstones (1/2)


   Skills:
 + Level 25.7 Fighting
 - Level 16.2(18.0) Axes
 - Level 13.9(17.6) Maces & Flails
 + Level 8.5 Throwing
 + Level 23.9 Armour
 - Level 10.0 Dodging
 - Level 8.0 Stealth
 - Level 16.0 Shields
 - Level 14.0 Invocations
 - Level 12.0 Evocations


You had 26 spell levels left.
You didn't know any spells.
Your spell library contained the following spells:

 Spells                   Type           Power      Damage    Failure   Level
 Apportation              Tloc           0%         N/A       88%         1
 Freeze                   Ice            0%         1d3       88%         1
 Kiss of Death            Conj/Necr      0%         2d5       88%         1
 Necrotise                Necr           0%         1d4       88%         1
 Sandblast                Erth           0%         2d4       88%         1
 Shock                    Conj/Air       0%         1d3       88%         1
 Slow                     Hex            0%         N/A       88%         1
 Sting                    Tmut/Pois      0%         1d3       88%         1
 Summon Small Mammal      Summ           0%         N/A       88%         1
 Blink                    Tloc           0%         N/A       95%         2
 Lesser Beckoning         Tloc           0%         N/A       95%         2
 Momentum Strike          Conj/Tloc      0%         3d8       95%         2
 Passwall                 Tmut/Erth      0%         N/A       95%         2
 Poisonous Vapours        Pois/Air       0%         N/A       95%         2
 Static Discharge         Conj/Air       0%         2-2/arc   95%         2
 Confusing Touch          Hex            0%         N/A       99%         3
 Dazzling Flash           Conj/Hex       0%         N/A       99%         3
 Frozen Ramparts          Ice            0%         1d1       99%         3
 Gell's Gravitas          Tloc           0%         N/A       99%         3
 Hailstorm                Conj/Ice       0%         3d3       99%         3
 Ignite Poison            Fire/Tmut/Pois 0%         N/A       99%         3
 Inner Flame              Hex/Fire       0%         N/A       99%         3
 Kindle Blastsparks       Fire/Tloc/Air  0%         2d10      99%         3
 Mephitic Cloud           Conj/Pois/Air  0%         N/A       99%         3
 Ozocubu's Armour         Ice            0%         N/A       99%         3
 Portal Projectile        Hex/Tloc       0%         N/A       99%         3
 Stone Arrow              Conj/Erth      0%         3d7       99%         3
 Summon Guardian Golem    Hex/Summ       0%         N/A       99%         3
 Swiftness                Air            0%         N/A       99%         3
 Teleport Other           Tloc           0%         N/A       99%         3
 Tukima's Dance           Hex            0%         N/A       99%         3
 Vampiric Draining        Necr           0%         2d6       99%         3
 Vhi's Electric Charge    Tloc/Air       0%         N/A       99%         3
 Airstrike                Air            0%         2d(0-16)  100%        4
 Anguish                  Hex/Necr       0%         N/A       100%        4
 Cause Fear               Hex            0%         N/A       100%        4
 Dispel Undead            Necr           0%         3d6       100%        4
 Flame Wave               Conj/Fire      0%         2d4       100%        4
 Fulminant Prism          Conj/Hex       0%         3d5       100%        4
 Ice Form                 Ice/Tmut       0%         N/A       100%        4
 Iskenderun's Mystic Bla  Conj/Tloc      0%         2d3       100%        4
 Manifold Assault         Tloc           0%         N/A       100%        4
 Olgreb's Toxic Radiance  Pois           0%         N/A       100%        4
 Passage of Golubria      Tloc           0%         N/A       100%        4
 Petrify                  Tmut/Erth      0%         N/A       100%        4
 Sticky Flame             Conj/Fire      0%         2d3       100%        4
 Summon Ice Beast         Ice/Summ       0%         N/A       100%        4
 Summon Lightning Spire   Summ/Air       0%         N/A       100%        4
 Agony                    Necr           0%         N/A       100%        5
 Arcjolt                  Conj/Air       0%         1d10      100%        5
 Blade Hands              Tmut           0%         N/A       100%        5
 Freezing Cloud           Conj/Ice/Air   0%         6-21      100%        5
 Lee's Rapid Deconstruct  Erth           0%         3d4*      100%        5
 Metabolic Englaciation   Hex/Ice        0%         N/A       100%        5
 Plasma Beam              Fire/Air       0%         2x1d7     100%        5
 Silence                  Hex/Air        0%         N/A       100%        5
 Yara's Violent Unravell  Hex/Tmut       0%         3d3       100%        5
 Dispersal                Tloc           0%         N/A       100%        6
 Simulacrum               Ice/Necr       0%         N/A       100%        6
 Dragon Form              Tmut           0%         N/A       100%        7
 Enfeeble                 Hex            0%         N/A       100%        7
 Malign Gateway           Summ/Tloc      0%         N/A       100%        7
 Orb of Destruction       Conj           0%         9d5       100%        7
 Ozocubu's Refrigeration  Ice            0%         4d7       100%        7
 Spellforged Servitor     Conj/Summ      0%         N/A       100%        7
 Storm Form               Tmut/Air       0%         N/A       100%        7
 Discord                  Hex            0%         N/A       100%        8
 Disjunction              Tloc           0%         N/A       100%        8
 Maxwell's Capacitive Co  Air            0%         ∞         100%        8
 Dragon's Call            Summ           0%         N/A       100%        9
 Polar Vortex             Ice            0%         N/A       100%        9
 Statue Form              Tmut/Erth      Unusable   N/A       N/A         6

Dungeon Overview and Level Annotations

Branches:
Dungeon (15/15)            Temple (1/1) D:4            Lair (5/5) D:9
  Swamp (4/4) Lair:3       Spider (4/4) Lair:2        Slime (5/5) Lair:4
    Orc (2/2) D:11            Elf (3/3) Orc:2        Vaults (5/5) D:13
  Crypt (3/3) Vaults:3       Tomb (0/3) Crypt:3      Depths (4/4) D:15
   Hell (visited)             Zot (1/5) Depths:4      IceCv (visited)
Volcano (visited)          WizLab (visited)
    Dis: Hell:1         Geh: Hell:1         Coc: Hell:1         Tar: Hell:1

Altars:
Ashenzari
Cheibriados
Dithmenos
Elyvilon
Fedhas
Gozag
Hepliaklqana
Kikubaaqudgha
Nemelex Xobeh
Okawaru
Qazlal
Ru
Sif Muna
Trog
Uskayaw
Vehumet
Wu Jian
Xom
Yredelemnul
Zin
The Shining One
Jiyva
Lugonu

Shops:
D:4 (   D:8 *   D:11 (   D:12 *   D:13 *   Orc:1 ?   Orc:2 (?:!   Elf:3 (
Vaults:2 ?   Vaults:4 [

Portals:
Hell: Depths:1 Depths:2 Depths:3 Depths:4
Abyss: Lair:5 Depths:1 Depths:3
Pandemonium: Depths:2
Ziggurat: Depths:1

Annotations:
Lair:2 exclusion: oklob plant
Swamp:1 1 runed translucent door, Xonepos's ghost, adept MiFi
Elf:1 6 runed translucent doors, 1 transporter
Hell Geryon


Innate Abilities, Weirdness & Mutations

You are immune to sickness and miasma.
Your stone body is resilient. (AC +20)
You are immune to poison.
Your large and strong wings let you fly.
You resist negative energy. (rN+)
You are resistant to electric shocks. (rElec)
You are resistant to unholy torment.
You are immune to petrification.
You are somewhat resistant to further mutation.


Message History

The demonspawn corrupter hits you but does no damage.
The demonspawn black sun is engulfed in poison gas.
The demonspawn black sun looks as sick as possible!
The demonspawn black sun is lost in a daze.
You slice the Executioner like a ripe choko!!!
You kill the Executioner!
You are engulfed in blazing flames.
You resist.
The Tzitzimitl is no longer moving quickly.
The Tzitzimitl calls on the powers of darkness!
Your body is wracked with pain!
* * * LOW HITPOINT WARNING * * *
You block the demonspawn corrupter's attack.
The demonspawn black sun looks as sick as possible!
The mummy priest prays to its god.
The Tzitzimitl calls on the powers of darkness!
Your body is wracked with pain!
* * * LOW HITPOINT WARNING * * *
The demonspawn corrupter completely misses you.
Unknown command.
The tremorstone explodes into fragments!
The burst of rock shards engulfs the cacodemon.
The burst of rock shards engulfs the cacodemon but does no damage.
The burst of rock shards engulfs the cacodemon!
The burst of rock shards engulfs the demonspawn warmonger.
The burst of rock shards engulfs the demonspawn black sun but does no damage.
The burst of rock shards engulfs you but does no damage.
The burst of rock shards engulfs the demonspawn corrupter but does no damage.
You are engulfed in blazing flames.
You resist.
The sentinel's mark upon you fades away.
The demonspawn black sun is engulfed in poison gas.
The demonspawn black sun looks as sick as possible!
The demonspawn warmonger rages.
A demonspawn corrupter comes into view. It is wielding a +0 glaive.
The demonspawn corrupter calls forth creatures from the Realm of Zot!
The mummy priest calls on the powers of darkness!
The golden dragon convulses!
Your body is wracked with pain!
* * * LOW HITPOINT WARNING * * *
The demonspawn black sun is lost in a daze.
The demonspawn warmonger hits you with a +0 great sword!!!
You die...

...6..!....#
..........)## #.#
............# #.#
.........2..####.#
............#..42)
...........44..#.#
...^......§44.##.#
....).....4236##6###ZV#
.......3....#§16@D61M#
..4........###########
..........##
..........# ..........#
.......## ......


You could see a demonspawn warmonger (berserk, fast, strong, agile, black mark,
resistant), a golden dragon (summoned), a Tzitzimitl (strong, agile, black
mark), a cacodemon, 2 demonspawn corrupters, a demonspawn black sun (fast,
strong, agile, black mark, dazed, extremely poisoned, weak-willed), an
Executioner (fast), a blizzard demon (fast, strong, black mark, resistant), a
mummy priest (summoned), a jiangshi (summoned), an orange demon (fast, strong,
agile, black mark, resistant, corona), a hellwing (fast, strong, agile, black
mark, resistant, weak-willed), a smoke demon (strong, resistant, corona), a red
devil (fast, strong, black mark, resistant) and a stone giant zombie (summoned).

Vanquished Creatures
  the Royal Jelly (Slime:5)
  A dread lich (Vaults:5)
  An ancient lich (Crypt:3)
  Saint Roka (Depths:1)
  Xtahua (Vaults:4)
  3 caustic shrikes (Depths:4)
  A curse toe (Crypt:3)
  Nikola (Swamp:4)
  3 golden dragons
  Arachne (Spider:2)
  2 doom hounds (Depths:3)
  An electric golem (Zot:1)
  5 tentacled monstrosities
  A shard shrike skeleton (Crypt:3)
  2 liches
  5 quicksilver dragons
  Asterion (Depths:1)
  7 deep elf blademasters
  4 deep elf master archers
  15 titans
  Grunn (Depths:3)
  Murray (Depths:1)
  A walking divine tome (WizLab)
  The ghost of epsilonplus the Warrior, an adept HuEn of Hepliaklqana (Spider:1)
  2 death cobs (Zot:1)
  An Executioner (Pan)
  32 acid blobs
  Frances (D:13)
  8 sphinxes
  5 shadow dragons
  9 ancient champions
  A thorn hunter (Swamp:3)
  5 storm dragons
  7 tengu reavers
  A fenstrider witch (Swamp:3)
  2 strange machines (WizLab)
  11 azure jellies
  18 frost giants
  2 draconian monks (Zot:1)
  A daeva (Depths:1)
  3 revenants
  10 rockslimes
  6 emperor scorpions
  18 fire giants
  6 deep elf sorcerers
  3 draconian knights (Zot:1)
  2 iron dragons
  Donald (Swamp:4)
  A draconian scorcher (Zot:1)
  19 vault wardens
  11 ghouls
  2 ghost moths
  14 ironbound preservers
  4 curse skulls
  3 cacodemons
  2 caustic shrike zombies (Hell)
  2 spriggan defenders (Depths:2)
  6 deep elf elementalists (Elf:3)
  A draconian shifter (Depths:4)
  11 quicksilver oozes
  4 war gargoyles
  A reaper (Hell)
  25 stone giants
  31 very ugly things
  4 draconian annihilators (Zot:1)
  A caustic shrike skeleton (Crypt:3)
  4 ironbound thunderhulks
  8 deep elf demonologists
  9 broodmothers
  A demonspawn blood saint (Pan)
  6 vampire knights
  5 black draconians
  11 deep elf annihilators (Elf:3)
  2 eleionomae
  5 purple draconians
  2 bunyips
  3 green draconians (Zot:1)
  6 dire elephants (Vaults:3)
  5 white draconians
  5 eidola
  7 spark wasps
  8 yellow draconians
  6 deep elf death magi
  15 jiangshi
  4 red draconians
  8 fire dragons
  10 ettins
  3 blizzard demons (Hell)
  5 deep elf high priests
  2 shambling mangroves
  A quicksilver dragon skeleton (Crypt:3)
  9 entropy weavers
  17 yaktaur captains
  7 great orbs of eyes
  6 ogre magi
  24 hydras
  6 ice dragons
  2 peacekeepers
  3 radroaches
  Erolcha (Orc:2)
  2 jorogumos (Spider:4)
  32 vault guards
  A hydra (shapeshifter) (D:13)
  11 rakshasas
  A salamander tyrant (Depths:4)
  5 centaur warriors
  2 spriggan air magi
  4 ghost crabs
  2 two-headed ogres
  2 death knights (D:13)
  9 ironbound frosthearts
  7 boulder beetles
  A catoblepas (Lair:5)
  An anaconda (shapeshifter) (Depths:2)
  An Orb Guardian skeleton (Crypt:3)
  7 deep troll earth magi
  2 deep troll shamans (Depths:3)
  19 dancing weapons
  A spriggan skeleton (Hell)
  A death scarab (Spider:3)
  5 tengu warriors
  7 alligators
  4 spriggan berserkers
  5 hell hogs
  An orc high priest (Elf:1)
  7 vampire magi
  3 thrashing horrors (Lair:5)
  Urug (Lair:3)
  32 deep elf knights
  18 hell knights
  A shock serpent (shapeshifter) (Lair:5)
  4 skysharks
  13 sun demons
  A sixfirhy (Depths:1)
  A storm dragon zombie (Crypt:1)
  2 iron trolls (Depths:2)
  5 soul eaters
  2 golden dragon zombies (Hell)
  7 pharaoh ants
  5 shadow wraiths
  Lodul (D:14)
  8 goliath frogs
  23 skeletal warriors
  2 sun moths
  A deep troll (shapeshifter) (Vaults:5)
  4 flayed ghosts
  4 salamander mystics
  A skyshark (shapeshifter) (Vaults:5)
  A death drake (shapeshifter) (Depths:2)
  42 deep trolls
  3 glowing orange brains
  9 bog bodies
  16 ironbound convokers
  15 orb spiders
  5 spriggan druids (Swamp:4)
  An anaconda skeleton (Crypt:3)
  13 deep elf archers
  A lindwurm (shapeshifter) (Vaults:5)
  A shadow dragon zombie (Hell)
  12 lindwurms
  6 necromancers
  10 swamp dragons
  A wizard (D:14)
  6 harpies (Vaults:1)
  23 deep elf pyromancers
  5 steelbarb worms
  A sphinx skeleton (Vaults:1)
  7 phantasmal warriors
  2 frost giant zombies (Hell)
  8 orc sorcerers
  18 deep elf zephyrmancers
  7 ugly things
  5 shining eyes
  An orc knight (Orc:1)
  3 fire giant zombies (Hell)
  2 will-o-the-wisps
  An oklob plant (Lair:3)
  20 wolf spiders
  A broodmother zombie (Crypt:2)
  A jorogumo skeleton (Crypt:2)
  6 cyclopes
  A manticore (D:15)
  10 moths of wrath
  An iron dragon skeleton (Crypt:2)
  15 salamanders
  A fire giant skeleton (Crypt:3)
  2 black mambas (Lair:3)
  4 eyes of devastation
  Joseph (D:7)
  3 ice statues (IceCv)
  2 black mambas (shapeshifter)
  2 shock serpent zombies
  2 rust devils
  2 smoke demons
  2 dire elephant zombies
  5 centaur skeletons
  2 molten gargoyles (Hell)
  A stone giant skeleton (Crypt:1)
  5 demonic crawlers
  Maggie (D:7)
  7 torpor snails
  9 vault sentinels
  A hellion (Hell)
  2 gargoyles (D:11)
  A green draconian zombie (Crypt:3)
  An orange demon (Depths:1)
  A naga skeleton (Hell)
  2 unseen horrors
  An efreet (D:14)
  5 komodo dragons
  12 cane toads
  7 freezing wraiths
  Psyche (D:9)
  A tengu conjurer (Depths:1)
  43 yaktaurs
  A rime drake (Lair:2)
  A yaktaur (shapeshifter) (Lair:5)
  An ancient zyme (Lair:5)
  4 trolls
  2 polar bears
  A wolf spider simulacrum (D:15)
  An iron troll skeleton (Crypt:2)
  A harpy skeleton (Crypt:3)
  11 tyrant leeches
  21 hornets
  A raiju (shapeshifter) (D:15)
  7 meliai
  A deep troll zombie (Vaults:1)
  43 tarantellas
  A stone giant simulacrum (Vaults:2)
  28 blink frogs
  Grinder (D:5)
  2 ettin zombies
  Sigmund (D:6)
  21 culicivoras
  35 jumping spiders
  10 flying skulls
  109 slime creatures
  A centaur simulacrum (D:15)
  2 dire elephant simulacra (IceCv)
  A shadow (D:10)
  20 spriggans
  2 air elementals
  29 yaks
  7 vampires
  14 water elementals
  4 wraiths
  7 wyverns
  4 fire elementals
  A fire bat (shapeshifter) (Depths:4)
  7 golden eyes (Slime:5)
  15 basilisks
  A death yak simulacrum (IceCv)
  A yaktaur simulacrum (Vaults:1)
  14 vampire mosquitoes
  6 steam dragons
  Eustachio (D:4)
  A tengu zombie (Hell)
  2 chaos spawn (Lair:5)
  2 wargs
  70 redbacks
  A naga zombie (Crypt:3)
  14 swamp worms
  12 hell hounds
  Edmund (D:5)
  Duvessa (D:7)
  A large abomination (Lair:5)
  16 water moccasins
  4 floating eyes
  7 swamp drakes
  An ice beast (shapeshifter) (Lair:5)
  15 orc warriors
  A swamp dragon zombie (Hell)
  7 small abominations (Lair:5)
  A hornet zombie (Crypt:1)
  3 black bears
  An ogre (shapeshifter) (Vaults:5)
  16 ogres
  24 wolves
  9 centaurs
  Blork the orc (D:4)
  A kobold brigand (D:7)
  A two-headed ogre simulacrum (D:11)
  12 bullfrogs
  4 earth elementals
  A cyclops zombie (Crypt:2)
  2 scorpions (D:4)
  8 necrophages
  5 wights (D:10)
  A salamander skeleton (Crypt:1)
  Dowan (D:7)
  15 killer bees
  4 spriggan zombies
  A warg skeleton (Crypt:2)
  An electric eel (Lair:3)
  7 howler monkeys
  7 hounds
  8 orc priests
  A jelly (D:6)
  3 iguanas
  3 sleepcaps
  25 orc wizards
  2 troll simulacra (D:11)
  2 spriggan simulacra (D:11)
  6 hell rats
  3 polar bear simulacra
  5 yak simulacra (Lair:5)
  5 wolf simulacra
  2 deep dwarf zombies
  A hound zombie (Crypt:3)
  2 hound skeletons (D:3)
  A howler monkey skeleton (Crypt:1)
  4 gnolls
  4 adders
  2 naga simulacra (D:11)
  2 white imps (D:7)
  An ufetubus (Vaults:2)
  An adder zombie (D:3)
  An iguana zombie (Crypt:2)
  An adder skeleton (D:3)
  2 dart slugs
  62 orcs
  4 ball pythons
  5 bats
  A bat zombie (Crypt:1)
  5 endoplasms
  3 giant cockroaches
  10 goblins
  9 hobgoblins
  11 jackals
  4 quokkas
  A ball python skeleton (D:3)
  4 frilled lizards
  A frilled lizard (shapeshifter) (Vaults:5)
  A frilled lizard skeleton (Crypt:1)
  A giant cockroach zombie (D:3)
  A hobgoblin skeleton (Crypt:1)
  14 kobolds
  5 rats
  3 river rat simulacra (Lair:5)
2217 creatures vanquished.

Vanquished Creatures (others)
  2 eldritch tentacles
  A vampire knight (Depths:4)
  A rakshasa (WizLab)
  A hydra (Swamp:4)
  A deep elf knight (Elf:1)
  2 spriggans (Swamp:4)
  An orb spider (Spider:3)
  2 deep elf zephyrmancers (Elf:1)
  An ugly thing (Vaults:5)
  A vault sentinel (Vaults:5)
  A moth of wrath (Zot:1)
  A freezing wraith (Vaults:5)
  A hellwing (Pan)
  A tarantella (Spider:3)
  3 bloated husks
  A hornet (Swamp:4)
  2 vampires (Vaults:3)
  A redback (Spider:2)
  An orc wizard (Orc:2)
  An orc (Elf:1)
  13 foxfires
  26 fungi
  43 plants
  A withered plant (D:3)
109 creatures vanquished.

Grand Total: 2326 creatures vanquished

Notes
Turn   | Place    | Note
-------+----------+-------------------------------------------
     0 | D:1      | oldriver the Gargoyle Fighter began the quest for the Orb.
     0 | D:1      | Reached XP level 1. HP: 14/14 MP: 1/1
    62 | D:1      | Reached XP level 2. HP: 19/19 MP: 2/2
   115 | D:1      | Reached skill level 1 in Stealth
   325 | D:1      | Reached XP level 3. HP: 23/23 MP: 3/3
   816 | D:2      | Reached XP level 4. HP: 29/29 MP: 4/4
   995 | D:2      | Found a faded altar of an unknown god.
  1195 | D:3      | Reached skill level 4 in Fighting
  1823 | D:3      | Reached XP level 5. HP: 30/33 MP: 5/5
  2017 | D:4      | Identified the amulet "Hohiu" {Faith Fragile rElec rPois
                  | rN+ Will+}
  2024 | D:4      | Noticed Eustachio
  2051 | D:4      | Killed Eustachio
  2052 | D:4      | Reached XP level 6. HP: 29/40 MP: 6/6
  2097 | D:4      | Found a radiant altar of Vehumet.
  2099 | D:4      | Found Fueveisk's Antique Weapon Boutique.
  2158 | D:4      | Reached skill level 5 in Fighting
  2247 | D:4      | Found a staircase to the Ecumenical Temple.
  2265 | Temple   | Entered the Ecumenical Temple
  2294 | Temple   | Became a worshipper of Warmaster Okawaru
  2367 | D:4      | Noticed Blork the orc
  2381 | D:4      | Killed Blork the orc
  2440 | D:4      | Reached skill level 5 in Axes
  2440 | D:4      | Reached XP level 7. HP: 44/44 MP: 7/7
  2767 | D:5      | Entered Level 5 of the Dungeon
  2889 | D:5      | Noticed Edmund
  2897 | D:5      | Killed Edmund
  2897 | D:5      | Reached * piety under Okawaru
  2898 | D:5      | Reached skill level 1 in Dodging
  3091 | D:5      | Found a white marble altar of Elyvilon.
  3163 | D:5      | Found an ornate altar of the Wu Jian Council.
  3306 | D:5      | Reached XP level 8. HP: 51/51 MP: 8/8
  3381 | D:5      | Found a sacrificial altar of Ru.
  3789 | D:5      | Noticed Grinder
  3799 | D:5      | Killed Grinder
  3799 | D:5      | Reached ** piety under Okawaru
  3800 | D:5      | Reached skill level 6 in Fighting
  4022 | D:6      | Identified the +2 leather armour "Taxy" {Rampage Str+4
                  | Int-5}
  4269 | D:6      | Identified the amulet "Baoj" {Acrobat Str+2 Int+2 Dex-5}
  4738 | D:6      | Reached skill level 7 in Fighting
  4738 | D:6      | Reached XP level 9. HP: 57/57 MP: 9/9
  4755 | D:6      | Reached skill level 1 in Invocations
  4823 | D:6      | Noticed Sigmund
  4831 | D:6      | Killed Sigmund
  4831 | D:6      | Reached *** piety under Okawaru
  5110 | D:4      | Bought a steaming battleaxe for 241 gold pieces
  5110 | D:4      | Identified the +0 battleaxe "Buikop" {pain, rC+} (You
                  | bought it in a shop on level 4 of the Dungeon)
  5466 | D:7      | Noticed Duvessa
  5468 | D:7      | Noticed Dowan
  5482 | D:7      | Killed Duvessa
  5483 | D:7      | Killed Dowan
  5562 | D:7      | Noticed Joseph
  5586 | D:7      | Killed Joseph
  5586 | D:7      | Reached **** piety under Okawaru
  5975 | D:7      | Noticed Maggie
  5986 | D:7      | Killed Maggie
  5987 | D:7      | Reached skill level 8 in Fighting
  6007 | D:7      | Found a snail-covered altar of Cheibriados.
  6201 | D:7      | Found a glowing golden altar of the Shining One.
  6540 | D:8      | Found a shimmering altar of Xom.
  6745 | D:8      | Reached XP level 10. HP: 64/64 MP: 13/13
  6825 | D:8      | Found Raekux's Assorted Antiques.
  7383 | D:9      | Found a shimmering blue altar of Sif Muna.
  7491 | D:9      | Found a shadowy altar of Dithmenos.
  7492 | D:9      | Noticed Psyche
  7501 | D:9      | Killed Psyche
  7578 | D:9      | Noticed a green ugly thing
  7585 | D:9      | Killed a green ugly thing
  7586 | D:9      | Reached skill level 9 in Fighting
  7586 | D:9      | Reached skill level 10 in Axes
  7764 | D:9      | Found a staircase to the Lair.
  8297 | D:10     | Entered Level 10 of the Dungeon
  8345 | D:10     | Found a sparkling altar of Nemelex Xobeh.
  8561 | D:10     | Received a gift from Okawaru
  8579 | D:10     | Noticed a boulder beetle
  8611 | D:10     | Killed a boulder beetle
  8614 | D:10     | Noticed a stone giant
  8624 | D:10     | Reached skill level 5 in Armour
  8626 | D:10     | Reached XP level 11. HP: 72/72 MP: 11/14
  8638 | D:10     | Killed a stone giant
  8638 | D:10     | Reached ***** piety under Okawaru
  8639 | D:10     | Reached skill level 10 in Fighting
  8931 | D:10     | Got the +6 eveningstar of Ewetoem {heavy, rF+ rCorr Str+2
                  | Int-2}
  9366 | Lair:1   | Entered Level 1 of the Lair of Beasts
  9923 | Lair:1   | Received a gift from Okawaru
  9928 | Lair:1   | Reached skill level 5 in Invocations
 10255 | Lair:1   | Identified the +4 short sword "Imaepaf" {holy, rPois rF+
                  | Will+}
 10345 | Lair:2   | Noticed an oklob plant
 10484 | Lair:2   | Noticed an eight-headed hydra
 10488 | Lair:2   | Killed an eight-headed hydra
 10703 | Lair:2   | Found a hole to the Spider Nest.
 10703 | Lair:2   | Noticed a wolf spider
 10716 | Lair:2   | Killed a wolf spider
 10727 | Lair:2   | Reached skill level 11 in Fighting
 10728 | Lair:2   | Reached XP level 12. HP: 19/80 MP: 13/16
 11121 | Lair:2   | Found a basalt altar of Yredelemnul.
 11587 | Lair:3   | Reached skill level 12 in Fighting
 11680 | Lair:3   | Reached skill level 1 in Maces & Flails
 11712 | Lair:3   | Received a gift from Okawaru
 11785 | Lair:3   | Identified the +1 dagger "Gahaso" {holy, rElec Will+}
 11798 | Lair:3   | Noticed Urug
 11815 | Lair:3   | Killed Urug
 11816 | Lair:3   | Reached skill level 5 in Stealth
 12333 | Lair:3   | Reached XP level 13. HP: 80/87 MP: 19/19
 12371 | Lair:3   | Received a gift from Okawaru
 12505 | Lair:3   | Found a staircase to the Swamp.
 12514 | Lair:3   | Reached skill level 5 in Maces & Flails
 13387 | Lair:4   | Received a gift from Okawaru
 13497 | Lair:4   | Found a viscous altar of Jiyva.
 13497 | Lair:4   | Found a staircase to the Slime Pits.
 13782 | Lair:4   | Reached skill level 13 in Fighting
 14069 | Lair:5   | Entered Level 5 of the Lair of Beasts
 14227 | Lair:5   | Reached skill level 10 in Armour
 14913 | Lair:5   | Identified the +1 robe of Noon {Regen+ Dex+2} (Okawaru
                  | gifted it to you on level 5 of the Lair of Beasts)
 14913 | Lair:5   | Received a gift from Okawaru
 14921 | Lair:5   | Gained mutation: Your large and strong wings let you fly.
                  | [Gargoyle growth]
 14921 | Lair:5   | Reached XP level 14. HP: 94/94 MP: 21/21
 14950 | Lair:5   | Reached skill level 10 in Invocations
 15246 | Lair:5   | Found a corrupted altar of Lugonu.
 15246 | Lair:5   | Found a one-way gate to the infinite horrors of the Abyss.
 15817 | Lair:5   | Identified a scroll of acquirement
 15818 | Lair:5   | Acquired the +4 kite shield of Runax {rC+ Will+}
 16057 | D:11     | Found a staircase to the Orcish Mines.
 16059 | D:11     | Found Puucw's Weapon Boutique.
 16184 | D:11     | Found a frozen archway.
 16201 | IceCv    | Entered an ice cave
 16378 | IceCv    | Reached skill level 14 in Fighting
 16378 | IceCv    | Reached skill level 10 in Maces & Flails
 16378 | IceCv    | Reached XP level 15. HP: 100/100 MP: 21/23
 16664 | IceCv    | Identified the ring of Vosigunu {+Blink rC+ Str+6}
 16766 | D:11     | Reached skill level 5 in Shields
 17139 | D:11     | You are sucked into a shaft and drop 3 floors!
 17207 | D:13     | Found Cynyg's Assorted Antiques.
 17215 | D:13     | Identified the +9 flail of the Heavens {speed, rElec}
                  | (Okawaru gifted it to you on level 13 of the Dungeon)
 17215 | D:13     | Received a gift from Okawaru
 17428 | D:12     | Found Dazirph's General Store.
 17907 | Orc:1    | Entered Level 1 of the Orcish Mines
 18097 | Orc:1    | Found a dark tunnel.
 18106 | Volcano  | Entered a volcano
 18261 | Volcano  | Reached ****** piety under Okawaru
 18667 | Orc:1    | Received a gift from Okawaru
 18739 | Orc:1    | Found Raveh's Magic Scroll Boutique.
 18799 | Orc:2    | Entered Level 2 of the Orcish Mines
 18919 | Orc:2    | Found Taewnucye's Book Shop.
 19133 | Orc:2    | Found a staircase to the Elven Halls.
 19386 | Orc:2    | Found an ancient bone altar of Kikubaaqudgha.
 19396 | Orc:2    | Found Eseymari's Antique Weapon Shop.
 19405 | Orc:2    | Noticed Erolcha
 19406 | Orc:2    | Found a radiant altar of Vehumet.
 19418 | Orc:2    | Killed Erolcha
 19435 | Orc:2    | Found Giose's Distillery.
 19477 | Orc:2    | Found Iraoxoacs's Magic Scroll Boutique.
 19487 | Orc:2    | Bought a scroll of acquirement for 676 gold pieces
 19579 | Orc:2    | Acquired the ring "Zaegienk" {rPois rF+ rC+ Str-2 Int+2}
 19780 | D:13     | Reached XP level 16. HP: 106/106 MP: 24/24
 19813 | D:13     | Found a gate to the Vaults.
 19820 | D:13     | Reached skill level 5 in Dodging
 20164 | D:13     | Noticed Frances
 20174 | D:13     | Killed Frances
 20174 | D:13     | Identified the +0 pair of boots of Umigounusua {rPois rF+
                  | rN++ Stlth-} (Okawaru gifted it to you on level 13 of the
                  | Dungeon)
 20174 | D:13     | Received a gift from Okawaru
 20997 | D:14     | Noticed Lodul
 21015 | D:14     | Killed Lodul
 21388 | D:15     | Entered Level 15 of the Dungeon
 22473 | D:15     | Found a staircase to the Depths.
 22656 | Spider:1 | Entered Level 1 of the Spider Nest
 22941 | Spider:1 | Found a runed translucent door.
 23299 | Spider:1 | Identified the +1 pair of boots "Atymn" {Drain rF+++ Will+
                  | Dex+2} (Okawaru gifted it to you on level 1 of the Spider
                  | Nest)
 23299 | Spider:1 | Received a gift from Okawaru
 23390 | Spider:1 | Noticed epsilonplus's ghost (adept HuEn)
 23741 | Spider:2 | Reached skill level 15 in Fighting
 23849 | Spider:2 | Reached XP level 17. HP: 107/113 MP: 26/26
 23893 | Spider:2 | Noticed Arachne
 23935 | Spider:2 | Killed Arachne
 24807 | Spider:3 | Identified the +3 ring mail of Surprise {*Corrode +Inv
                  | Int+2} (Okawaru gifted it to you on level 3 of the Spider
                  | Nest)
 24807 | Spider:3 | Received a gift from Okawaru
 25632 | Spider:3 | Gained mutation: You occasionally shout uncontrollably at
                  | your foes. [mutagenic glow]
 25895 | Spider:3 | Reached skill level 10 in Shields
 26083 | Spider:3 | Identified the +8 flail of Candelabrum {protect, rF+ Str+3
                  | Dex+3 Stlth+} (Okawaru gifted it to you on level 3 of the
                  | Spider Nest)
 26083 | Spider:3 | Received a gift from Okawaru
 26443 | Spider:3 | Reached skill level 16 in Fighting
 27367 | Swamp:1  | Entered Level 1 of the Swamp
 27460 | Swamp:1  | Reached skill level 1 in Evocations
 27522 | Swamp:1  | Identified the +0 pair of gloves of the Evening {Regen+
                  | Int+3} (Okawaru gifted it to you on level 1 of the Swamp)
 27522 | Swamp:1  | Received a gift from Okawaru
 27529 | Swamp:1  | Reached XP level 18. HP: 90/120 MP: 27/27
 27684 | Swamp:1  | Found a runed translucent door.
 27684 | Swamp:1  | Found a shimmering altar of Xom.
 27684 | Swamp:1  | Noticed Xonepos's ghost (adept MiFi)
 29535 | Swamp:4  | Entered Level 4 of the Swamp
 29542 | Swamp:4  | Noticed Nikola
 29556 | Swamp:4  | Killed Nikola
 29556 | Swamp:4  | Identified the +5 broad axe of Ohues {heavy, rPois}
                  | (Okawaru gifted it to you on level 4 of the Swamp)
 29556 | Swamp:4  | Received a gift from Okawaru
 29556 | Swamp:4  | Noticed Donald
 29827 | Swamp:4  | Killed Donald
 29993 | Swamp:4  | Received a gift from Okawaru
 30159 | Swamp:3  | Reached skill level 17 in Fighting
 30166 | Swamp:4  | Reached skill level 5 in Evocations
 30646 | Swamp:4  | Got a decaying rune of Zot
 30718 | Swamp:4  | Reached XP level 19. HP: 128/128 MP: 28/28
 31094 | Spider:4 | Entered Level 4 of the Spider Nest
 31114 | Arena    | Entered the Arena
 31849 | Spider:4 | Received a gift from Okawaru
 32507 | Spider:4 | Reached skill level 18 in Fighting
 32555 | Spider:4 | Identified the +0 hat of Egiepsox {rF- rC+++ rN+ Int-4}
 32560 | Spider:4 | Identified the +4 hat of Curu {rPois rN+ Int-2}
 32577 | Spider:4 | Got a gossamer rune of Zot
 33032 | Elf:1    | Entered Level 1 of the Elven Halls
 33194 | Elf:1    | Noticed a Hell Sentinel
 33195 | Elf:1    | Noticed a Hell Sentinel
 33199 | Elf:1    | Noticed a Tzitzimitl
 33205 | Elf:1    | Noticed a Brimstone Fiend
 33348 | Elf:1    | Found a runed translucent gate.
 33348 | Elf:1    | Found a runed translucent gate.
 33348 | Elf:1    | Found a runed translucent gate.
 33348 | Elf:1    | Found a runed translucent gate.
 33348 | Elf:1    | Found a runed translucent gate.
 33350 | Elf:1    | Found a runed translucent gate.
 33360 | Elf:1    | Identified the +0 scale mail of Xogasyabudu {rPois}
 33391 | Elf:1    | Found a transporter.
 33395 | Elf:1    | Found a radiant altar of Vehumet.
 33402 | Elf:1    | Identified the +5 dagger of Tyito {flame, rCorr Str+2
                  | Int+2}
 34441 | Elf:3    | Entered Level 3 of the Elven Halls
 34719 | Elf:3    | Identified the ring of Nuhoed {rElec rPois rN+}
 34866 | Elf:3    | Found Myxotus's Weapon Shoppe.
 35001 | Elf:3    | Reached XP level 20. HP: 137/137 MP: 29/29
 35051 | Elf:3    | Identified the +8 tower shield of Oblivion {Harm rElec
                  | Will+++ Int-5} (Okawaru gifted it to you on level 3 of the
                  | Elven Halls)
 35051 | Elf:3    | Received a gift from Okawaru
 35052 | Elf:3    | Reached skill level 15 in Armour
 35279 | Elf:3    | Reached skill level 19 in Fighting
 35438 | Elf:3    | Identified the +0 quarterstaff "Weosh" {elec, Int+5}
 35460 | Elf:3    | Identified the staff of earth "Busor" {Dex+4}
 35463 | Elf:3    | Identified the ring "Qanal" {Fire +Blink rCorr Str+3
                  | Stlth-}
 35472 | Elf:3    | Identified the +0 quarterstaff "Tula Fumige" {freeze,
                  | *Corrode MP+9 Str+3 Dex+3}
 35472 | Elf:3    | Identified the amulet of Uneinaug {rElec Regen+ Dex+7}
 35702 | Elf:3    | Got the Compilation of the Excursion
 35719 | Elf:3    | Identified the staff of poison "Cemih" {rPois Str+2 SInv}
 35730 | Elf:3    | Noticed a Tzitzimitl
 35735 | Elf:3    | Identified the +4 kite shield "Zaynihoc" {rC+ Int+3 Dex+4
                  | Stlth-} (Okawaru gifted it to you on level 3 of the Elven
                  | Halls)
 35735 | Elf:3    | Received a gift from Okawaru
 35750 | Elf:3    | Got Sif Muna's Directory of Polluted Arson
 35991 | Elf:3    | Reached XP level 21. HP: 144/144 MP: 30/30
 36228 | Vaults:1 | Entered Level 1 of the Vaults
 36648 | Vaults:1 | You are sucked into a shaft and drop 1 floor!
 37062 | Vaults:2 | Found Mupnunywe's Magic Scroll Shoppe.
 37068 | Vaults:2 | Bought a scroll of teleportation for 45 gold pieces
 37339 | Vaults:2 | Reached skill level 20 in Fighting
 37557 | Vaults:2 | Reached XP level 22. HP: 126/152 MP: 31/31
 37566 | Vaults:2 | Identified the +5 flail "Otocyffa" {spect, rC- Str+3 Int+2}
                  | (Okawaru gifted it to you on level 2 of the Vaults)
 37566 | Vaults:2 | Received a gift from Okawaru
 37972 | Vaults:2 | Reached skill level 15 in Shields
 39135 | Vaults:3 | Received a gift from Okawaru
 39779 | Vaults:3 | Found a staircase to the Crypt.
 40222 | Vaults:4 | Noticed Xtahua
 40242 | Vaults:4 | Killed Xtahua
 40243 | Vaults:4 | Reached skill level 5 in Throwing
 40578 | Vaults:4 | Found Noisaim's Antique Armour Shop.
 41347 | Depths:1 | Entered Level 1 of the Depths
 41355 | Depths:1 | Found a gateway to Hell.
 42030 | Depths:1 | Found a one-way gateway to a ziggurat.
 42237 | Depths:1 | Found a bloodstained altar of Trog.
 42304 | Depths:1 | Found a hazy altar of Hepliaklqana.
 42410 | Depths:1 | Identified the +0 cloak of Complete Protection {Drain rPois
                  | Str+3 Dex+9} (Okawaru gifted it to you on level 1 of the
                  | Depths)
 42410 | Depths:1 | Received a gift from Okawaru
 42414 | Depths:1 | Noticed Saint Roka
 42451 | Depths:1 | Killed Saint Roka
 42638 | Depths:1 | Noticed Asterion
 42650 | Depths:1 | Killed Asterion
 42825 | Depths:1 | Reached XP level 23. HP: 158/158 MP: 33/33
 43105 | Depths:2 | Found a one-way gate leading to the halls of Pandemonium.
 43447 | Depths:2 | Found a hide-covered altar of Uskayaw.
 43696 | Depths:2 | Reached skill level 10 in Evocations
 43697 | Depths:2 | Reached skill level 21 in Fighting
 43744 | Depths:3 | Paralysed by a floating eye for 3 turns
 43778 | Depths:3 | Paralysed by a floating eye for 4 turns
 43821 | Depths:3 | Paralysed by a floating eye for 2 turns
 43829 | Depths:3 | Received a gift from Okawaru
 43843 | Depths:2 | Identified the +4 demon whip "Publich" {elec, Will+}
                  | (Okawaru gifted it to you on level 2 of the Depths)
 43843 | Depths:2 | Received a gift from Okawaru
 44534 | Depths:3 | Noticed a golden dragon
 44554 | Depths:3 | Killed a golden dragon
 44554 | Depths:3 | Received a gift from Okawaru
 44598 | Depths:3 | Found the +5 glaive of the Guard {elec, spectral, AC+5}
 44691 | Depths:3 | Found a white marble altar of Elyvilon.
 44692 | Depths:3 | Found a glowing golden altar of the Shining One.
 44693 | Depths:3 | Found a glowing silver altar of Zin.
 44729 | Depths:3 | Found a corrupted altar of Lugonu.
 44773 | Depths:3 | Noticed Grunn
 44788 | Depths:3 | Killed Grunn
 45003 | Depths:4 | Entered Level 4 of the Depths
 45026 | Depths:4 | Reached XP level 24. HP: 168/168 MP: 33/33
 45094 | Depths:4 | Identified the +3 rapier "Baicotu" {antimagic, Str+2}
 45170 | Depths:4 | Reached skill level 22 in Fighting
 45216 | Depths:4 | Noticed a caustic shrike
 45216 | Depths:4 | Noticed a caustic shrike
 45216 | Depths:4 | Noticed a caustic shrike
 45235 | Depths:4 | Killed a caustic shrike
 45236 | Depths:4 | Killed a caustic shrike
 45238 | Depths:4 | Killed a caustic shrike
 45591 | Depths:4 | Received a gift from Okawaru
 45752 | Depths:4 | Found a gate to the Realm of Zot.
 46171 | Orc:2    | Bought a scroll of teleportation for 39 gold pieces
 46171 | Orc:2    | Bought a scroll of enchant weapon for 97 gold pieces
 46171 | Orc:2    | Bought a scroll of teleportation for 39 gold pieces
 46172 | Orc:2    | Acquired a manual of Ranged Weapons
 46181 | Orc:2    | Bought a potion of heal wounds for 65 gold pieces
 46181 | Orc:2    | Bought a potion of mutation for 104 gold pieces
 46181 | Orc:2    | Bought 2 potions of curing for 78 gold pieces
 46353 | D:12     | Bought a potion of mutation for 112 gold pieces
 46353 | D:12     | Bought a scroll of blinking for 105 gold pieces
 46353 | D:12     | Bought a scroll of fog for 56 gold pieces
 46531 | Temple   | Lost mutation: You occasionally shout uncontrollably at
                  | your foes. [potion of mutation]
 46531 | Temple   | Gained mutation: You are vulnerable to cold. (rC-) [potion
                  | of mutation]
 46531 | Temple   | Gained mutation: You are clumsy. (Dex -2) [potion of
                  | mutation]
 46532 | Temple   | Lost mutation: You are clumsy. (Dex -2) [potion of
                  | mutation]
 46532 | Temple   | Lost mutation: You are vulnerable to cold. (rC-) [potion of
                  | mutation]
 46532 | Temple   | Gained mutation: You have a pair of small horns on your
                  | head. [potion of mutation]
 46533 | Temple   | Lost mutation: You have a pair of small horns on your head.
                  | [potion of mutation]
 46533 | Temple   | Gained mutation: Your flesh is cold resistant. (rC+)
                  | [potion of mutation]
 46533 | Temple   | Gained mutation: You passively map a small area around you.
                  | [potion of mutation]
 46534 | Temple   | Lost mutation: Your flesh is cold resistant. (rC+) [potion
                  | of mutation]
 46534 | Temple   | Lost mutation: You passively map a small area around you.
                  | [potion of mutation]
 46534 | Temple   | Gained mutation: Your mind is acute. (Int +4, Str/Dex -1)
                  | [potion of mutation]
 46534 | Temple   | Gained mutation: You are somewhat resistant to further
                  | mutation. [potion of mutation]
 46535 | Temple   | Lost mutation: You are somewhat resistant to further
                  | mutation. [potion of mutation]
 46535 | Temple   | Lost mutation: Your mind is acute. (Int +4, Str/Dex -1)
                  | [potion of mutation]
 46535 | Temple   | Gained mutation: You are somewhat resistant to further
                  | mutation. [potion of mutation]
 46536 | Temple   | Fell from the grace of Okawaru
 46536 | Temple   | Became a worshipper of Zin the Law-Giver
 46536 | Temple   | Reached * piety under Zin
 46536 | Temple   | Reached ** piety under Zin
 46536 | Temple   | Reached *** piety under Zin
 47399 | Crypt:1  | Entered Level 1 of the Crypt
 47622 | Crypt:1  | Reached **** piety under Zin
 47729 | Crypt:1  | You are sucked into a shaft and drop 1 floor!
 47736 | Crypt:2  | Reached ***** piety under Zin
 48999 | Crypt:1  | Found a basalt altar of Yredelemnul.
 49030 | Crypt:3  | Entered Level 3 of the Crypt
 49089 | Crypt:3  | Reached skill level 15 in Axes
 49149 | Crypt:3  | Found a magical portal.
 49164 | WizLab   | Entered Tukima's Studio
 49496 | WizLab   | Was placed under penance by Zin
 49854 | WizLab   | Noticed oldriver's illusion
 49880 | WizLab   | Noticed oldriver's illusion
 50292 | WizLab   | Found the +2 cloak of the Thief {*Fog Slay-2 SInv Stlth+}
 50302 | WizLab   | Identified the +4 pair of gloves "Guloo" {rC++ Int+4}
 50309 | WizLab   | Noticed oldriver's illusion
 50539 | WizLab   | Noticed oldriver's illusion
 50551 | WizLab   | Noticed oldriver's illusion
 50706 | Crypt:3  | Was forgiven by Zin
 50939 | Crypt:3  | Reached XP level 25. HP: 130/173 MP: 33/33
 51046 | Crypt:3  | Noticed an ancient lich
 51057 | Crypt:3  | Killed an ancient lich
 51244 | Crypt:3  | Reached ****** piety under Zin
 51253 | Crypt:3  | Was forgiven by Okawaru
 51396 | Crypt:3  | Found a basalt altar of Yredelemnul.
 51400 | Crypt:3  | Found an ancient bone altar of Kikubaaqudgha.
 51410 | Crypt:3  | Identified the ring of Fitwih {rN+ Int+4}
 51410 | Crypt:3  | Identified the amulet "Woicoc" {Regen+ Int+4}
 51410 | Crypt:3  | Identified the ring "Afaetablad" {rN+ Int+2 Slay+2}
 51414 | Crypt:3  | Identified the +10 falchion "Fausch" {protect, *Slow Fly
                  | Dex+7 Stlth-}
 51442 | Crypt:3  | Identified the +0 robe of Duck's Teeth {Regen+ Int+3 Dex-3
                  | Slay+4}
 51448 | Crypt:3  | Identified the +7 morningstar of Checkmate {flame, Int+5
                  | Dex+3}
 51643 | Crypt:3  | Found a staircase to the Tomb.
 51832 | Vaults:5 | Entered Level 5 of the Vaults
 51999 | Vaults:5 | Noticed a dread lich
 52010 | Vaults:5 | Killed a dread lich
 52012 | Vaults:5 | Reached skill level 23 in Fighting
 52644 | Vaults:5 | Reached skill level 24 in Fighting
 53005 | Vaults:5 | Reached XP level 26. HP: 184/184 MP: 33/33
 53064 | Vaults:5 | Got the Elucidation of Flinty Direction
 53085 | Vaults:5 | Found the +8 longbow "Zephyr" {speed, Dex+3 SInv}
 53432 | Vaults:5 | Got a silver rune of Zot
 53910 | Slime:1  | Entered Level 1 of the Pits of Slime
 54431 | Slime:2  | Paralysed by a floating eye for 3 turns
 55008 | Spider:1 | Killed epsilonplus's ghost
 56171 | Slime:5  | Entered Level 5 of the Pits of Slime
 56327 | Slime:5  | Noticed the Royal Jelly
 56423 | Slime:5  | Killed the Royal Jelly
 56669 | Slime:5  | Reached skill level 10 in Dodging
 56717 | Slime:5  | Reached skill level 25 in Fighting
 56732 | Slime:5  | Identified the ring "Zoded" {Str+5 Int+6}
 56742 | Slime:5  | Identified the +7 mace "Dragon's Tongue" {flame, Int+5}
 56748 | Slime:5  | Identified the ring "Voneteud" {rN+ Dex+5 SInv}
 56770 | Slime:5  | Identified the +3 ring mail of Zaodghog {rC+ Will+}
 56785 | Slime:5  | Identified the staff of poison "Hibilut" {*Slow rPois rN+
                  | Int+2}
 56798 | Slime:5  | Got a slimy rune of Zot
 57960 | Hell     | Entered the Vestibule of Hell
 57960 | Hell     | Noticed Geryon
 57960 | Hell     | Noticed Murray
 58151 | Depths:1 | Killed Murray
 58403 | Depths:1 | Reached XP level 27. HP: 192/193 MP: 33/33
 58495 | Zot:1    | Entered Level 1 of the Realm of Zot
 58667 | Depths:4 | Upgraded the game from 0.30-a0-956-gcec3b41aec to
                  | 0.30-a0-965-g42e074c17a
 59595 | Pan      | Entered Pandemonium
 59622 | Pan      | Demolished by a demonspawn warmonger

Illustrated notes

Levels and vault maps discovered:
D:1:      lemuel_arrival_rhombus, layout_rooms, minmay_liquid_box
D:2:      layout_basic, dreamdust_ecumenical_altar_grove
D:3:      layout_basic, serial_undead, serial_undead_a, serial_undead_b,
          serial_undead_a, serial_undead_b
D:4:      layout_cave_pools, mainiacjoe_overflow_catwalk,
          minmay_temple_entry_slanted, serial_shops, shop, cheibrodos_gnoll_hut,
          uniq_eustachio, uniq_blork_the_orc
D:5:      layout_basic, nzn_wu_jian_contemplation, mainiacjoe_overflow_24_doors,
          nicolae_elyvilon_temple_path, uniq_edmund, uniq_grinder
D:6:      layout_loops_corners, uniq_sigmund
D:7:      layout_basic, tso_altar, kennysheep_mini, uniq_duvessa, uniq_joseph,
          uniq_maggie
D:8:      layout_loops_cross, brannock_xom_greatest_gift, serial_shops, shop
D:9:      layout_stronghold, mainiacjoe_overflow_alcove_4,
          nicolae_dithmenos_shadow_blocks, dpeg_oklobed_lair, uniq_psyche
D:10:     minmay_roctagon, layout_basic, nemelex_diamond_rough_becter
D:11:     layout_irregular_city, orc_david_3,
          portal_ice_cave_entry_ice_simulacra
D:12:     layout_cave_pools, serial_shops, shop, minivault_25
D:13:     layout_stronghold, hangedman_vaults_entry_quadrant_bands,
          serial_shops, nicolae_stop_n_shop_1, uniq_frances
D:14:     layout_cave_pools, hex_tiny, kennysheep_generic_room_10, uniq_lodul
D:15:     grunt_enter_depths_snipers, layout_irregular_city,
          serial_co_window_serial, co_window_of_opportunity_a,
          co_window_corner_a, co_window_of_opportunity_a, co_window_paths_b,
          co_window_corner_a, co_window_broadway_b, co_window_of_opportunity_c,
          co_window_cross_3, co_window_unsneaky_path_e, co_window_paths_c,
          co_window_paths_c, co_window_corner_ca, co_window_paths_d,
          co_window_4corner_b, glass_columns_b, glass_columns_c, nrook_campfire
Temple:   nicolae_temple_bog_church
Lair:1:   layout_layer_cave, patterned_corridor, infiniplex_staircase_pool
Lair:2:   layout_roguey, spider_nest_entry_funnel_web, basic_altar,
          minivault_19, st_stairs_6, infiniplex_staircase_pool_2
Lair:3:   layout_cave_shapes, nicolae_swamp_entry_splash_gauntlet, uniq_urug
Lair:4:   layout_gridlike, dpeg_slime_entry_enclosed
Lair:5:   hellmonk_lair_end_abyssal_woods, layout_cave_shapes,
          eino_house_with_fridge
Swamp:1:  layout_falls_marsh, ebering_ghost_xom, evilmike_swamp_ruin_house_6,
          swamp_pool2
Swamp:2:  layout_basic_swamp, evilmike_swamp_ruin_rubble_1,
          nicolae_swamp_some_circles
Swamp:3:  layout_basic_swamp, evilmike_swamp_ruin_house_1, swamp_pool4
Swamp:4:  swamp_alternative, layout_basic_swamp, statue_in_the_mist_lemuel,
          swamp_pool1, nicolae_swamp_baby_hydras, uniq_donald, uniq_nikola
Spider:1: layout_spider_delve, ebering_ghost_inner_flame,
          nicolae_spider_twisty_arc_passages
Spider:2: layout_spider_delve, drop_trap, uniq_arachne
Spider:3: nicolae_spider_hilbert_zone_1 [nicolae_spider_hilbert_4_sides_1_open,
          nicolae_spider_hilbert_4_sides_1_open,
          nicolae_spider_hilbert_4_sides_1_open,
          nicolae_spider_hilbert_4_sides_1_open,
          nicolae_spider_hilbert_3_sides_1_open,
          nicolae_spider_hilbert_3_sides_1_open,
          nicolae_spider_hilbert_3_sides_1_open,
          nicolae_spider_hilbert_3_sides_1_open,
          nicolae_spider_hilbert_3_sides_1_open,
          nicolae_spider_hilbert_6_sides_1_open,
          nicolae_spider_hilbert_6_sides_1_open,
          nicolae_spider_hilbert_3_sides_1_open,
          nicolae_spider_hilbert_3_sides_1_open,
          nicolae_spider_hilbert_3_sides_1_open,
          nicolae_spider_hilbert_3_sides_1_open,
          nicolae_spider_hilbert_2_sides_1_open], drop_trap
Spider:4: hellmonk_spider_rune_endless_swarm
Slime:1:  layout_caves, cheibrodos_slime_lost_civilization_4
Slime:2:  layout_caves
Slime:3:  layout_caves, cheibrodos_slime_lost_civilization_6
Slime:4:  layout_caves, nicolae_slime_crime_time
Slime:5
Orc:1:    layout_diamond_mine, enter_volcano_2, serial_shops, shop_fountains
Orc:2:    kennysheep_orc_mage_school, layout_caves
Elf:1:    gammafunk_sealed_library, layout_gridlike, orc_legates
Elf:2:    nicolae_elf_blades_crystal_corner, layout_loops_cross,
          gammafunk_ghost_tricky_traps, serial_shops, nicolae_lakefront_shop
Elf:3:    minmay_elf_hall_x, layout_rooms, minmay_shop_star
Vaults:1: v_misc_29, nicolae_vaults_diagonal_hallway_7, v_misc_15, v_rooms_6,
          vaults_room_door_hall, ontoclasm_vaults_spin,
          nicolae_vaults_twisting_passages, v_misc_5, vaults_mumra_lcd,
          nicolae_vaults_little_squares_5, hangedman_vaults_corner_blocks,
          vaults_dpeg_encased_lava, layout_vaults_omnibox
Vaults:2: vaults_dpeg_doors, hangedman_vaults_maws, nicolae_vaults_what_the_h,
          hangedman_vaults_hat, v_misc_9, nicolae_vaults_network_quinsquares
          [nicolae_vaults_network_quincunx_subvault,
          nicolae_vaults_network_quincunx_subvault,
          nicolae_vaults_network_quincunx_subvault,
          nicolae_vaults_network_quincunx_subvault], serial_ice_g, v_misc_27,
          ontoclasm_vaults_decontamination, layout_vaults_chaotic_city,
          serial_shops, shop_fountains
Vaults:3: minmay_crypt_entry_vampire_xt, nicolae_vaults_little_squares_6,
          v_misc_26, v_misc_27, nicolae_vaults_little_squares_6,
          grunt_vaults_hallway_short, layout_vaults_omnigrid
Vaults:4: v_rooms_4, nicolae_vaults_rhombus_7, vaults_room_corners,
          nicolae_vaults_inception_statues, nicolae_vaults_diagonal_hallway_6,
          v_misc_26, nicolae_vaults_little_squares_2, v_misc_8,
          vaults_dpeg_ring, nicolae_vaults_specimen_jars,
          layout_vaults_omnicross, serial_shops, nicolae_diamond_shop,
          uniq_margery, uniq_xtahua
Vaults:5
Crypt:1:  layout_misc_corridors, grunt_crypt_arrival_webbed,
          lemuel_upstairs_altar
Crypt:2:  layout_gridlike, grunt_megastairs_1
Crypt:3:  lightli_unholy_cathedral, layout_chaotic_city,
          infiniplex_enter_wizlab_spiral
Depths:1: layout_gridlike, enter_ziggurat_c, nicolae_hepliaklqana_hippocampus,
          nicolae_hell_entry_hellmouth_sunbeams, abyss_entry_crystal,
          trog_three_pillars_becter, uniq_asterion, uniq_saint_roka
Depths:2: grated_community_mu [grated_community_mu_vampire_home,
          grated_community_mu_giant_home, grated_community_mu_spellcaster_home,
          grated_community_mu_orcish_home, grated_community_mu_troll_home,
          grated_community_mu_taur_home, grated_community_mu_unbuilt_plot],
          layout_cave_shapes, pan_entry, hangedman_geh_valley,
          nicolae_water_bricks, nicolae_uskayaw_suspiria
Depths:3: minmay_guarded_unrand_guard, layout_cave_pools,
          abyss_entry_flame_altar, hell_entry, good_gods_temple_1,
          minmay_the_grid_square_5x5_3x3_mashed [minmay_the_grid_square_5x5_z,
          minmay_the_grid_square_5x5_half_checkered,
          minmay_the_grid_square_5x5_hollow_slash,
          minmay_the_grid_square_5x5_two,
          minmay_the_grid_square_5x5_megaprize_checkered,
          minmay_the_grid_square_5x5_bridge,
          minmay_the_grid_square_5x5_checkered_sparse,
          minmay_the_grid_square_5x5_trominoes, minmay_the_grid_square_5x5_v],
          uniq_grunn
Depths:4: evilmike_zot_entry_basic, layout_basic, minmay_strange_pillars,
          pf_hell_entry_tar_spiral
Hell
Zot:1:    layout_misc_corridors, grunt_megastairs_4
Pan:      evilmike_mini_pan_possible_glass, layout_grid_shapes

Skill      XL: |  1  2  3  4  5  6  7  8  9 10 11 12 13 14 15 16 17 18 19 20 21 22 23 24 25 26 27 |
---------------+----------------------------------------------------------------------------------+-----
Axes           | 2 3 4 5 7 9 10 12 16 | 16.2
Stealth        | 1 2 3 4 5 6 8 |  8.0
Fighting       | 4 5 7 8 9 11 12 13 14 15 16 17 18 19 20 21 22 24 25 | 25.7
Dodging        | 1 2 3 4 5 7 8 10 | 10.0
Armour         | 4 5 7 8 10 11 12 13 14 15 16 18 20 21 22 23 | 23.9
Shields        | 4 6 8 10 12 13 14 15 16 | 16.0
Invocations    | 4 6 8 9 10 11 12 13 14 | 14.0
Maces & Flails | 4 8 10 11 13 | 13.9
Evocations     | 1 5 8 9 11 12 | 12.0
Throwing       | 4 5 7 8 |  8.5

Action                     |  1- 3 |  4- 6 |  7- 9 | 10-12 | 13-15 | 16-18 | 19-21 | 22-24 | 25-27 || total
---------------------------+-------+-------+-------+-------+-------+-------+-------+-------+-------++-------
  Melee: War axe           |   102 |   161 |   295 |       |       |       |       |       |       ||   558
         Broad axe         |       |       |    32 |   581 |   888 |  1363 |  1226 |  1937 |   857 ||  6884
         Eveningstar       |       |       |       |     3 |    22 |   202 |    12 |       |       ||   239
  Throw: Boomerang         |       |       |     8 |       |     4 |    22 |    10 |     1 |    14 ||    59
 Invoke: Heroism           |       |       |     2 |    11 |    11 |    11 |    11 |     7 |       ||    53
         Finesse           |       |       |       |       |       |     3 |     1 |     1 |       ||     5
         Duel              |       |       |       |       |       |       |     1 |       |       ||     1
         Recite            |       |       |       |       |       |       |       |     6 |     6 ||    12
         Sanctuary         |       |       |       |       |       |       |       |     1 |       ||     1
         Vitalisation      |       |       |       |       |       |       |       |       |     2 ||     2
  Evoke: Wand              |       |     4 |       |     2 |       |     2 |       |     4 |     1 ||    13
         Phial of floods   |       |       |       |       |       |     3 |       |       |       ||     3
         Condenser vane    |       |       |       |       |       |     1 |     4 |     2 |     8 ||    15
         Tin of tremorston |       |       |       |       |       |     1 |     3 |     2 |     5 ||    11
         Lightning rod     |       |       |       |       |       |       |       |     5 |       ||     5
         Phantom mirror    |       |       |       |       |       |       |       |       |     1 ||     1
    Use: Scroll            |     1 |    10 |     4 |    13 |     9 |     3 |     1 |    11 |     3 ||    55
         Potion            |       |     2 |       |       |     1 |     1 |     3 |    11 |     4 ||    22
   Stab: Distracted        |       |       |       |       |     1 |     1 |       |     1 |       ||     3
         Confused          |       |       |       |       |       |     2 |       |     1 |    11 ||    14
 Armour: Scale mail        |    75 |   131 |    36 |       |       |       |       |       |       ||   242
         Chain mail        |       |       |   180 |   434 |   341 |       |       |       |       ||   955
         Plate armour      |       |       |       |       |   349 |  1676 |   816 |   958 |       ||  3799
         Gold dragon scale |       |       |       |       |       |       |       |   672 |  1144 ||  1816
  Dodge: Dodged            |    69 |   104 |   133 |   291 |   323 |   628 |   680 |  1047 |   666 ||  3941
  Block: Buckler           |    25 |    31 |    78 |   146 |    96 |       |       |       |       ||   376
         Kite shield       |       |       |       |       |   285 |  1468 |  1085 |  1940 |  1171 ||  5949

Table legend: (Time is in decaauts)
 A = Elapsed time spent in this place.
 B = Non-inter-level travel time spent in this place.
 C = Inter-level travel time spent in this place.
 D = Time resting spent in this place.
 E = Time spent auto-exploring this place.
 F = Levels seen in this place.
 G = Mean time per level.
                   A        B        C        D        E       F      G
               +--------+--------+--------+--------+--------+-----+--------+
         Total |  61909 |  53118 |   8791 |   5229 |  33047 |  58 | 1067.4 |
       Dungeon |  16190 |  13269 |   2921 |    369 |  10265 |  15 | 1079.3 |
        Temple |    122 |     74 |     48 |      0 |     50 |   1 |  122.0 |
          Lair |   7809 |   6345 |   1464 |    312 |   4623 |   5 | 1561.8 |
         Swamp |   3832 |   3620 |    212 |    477 |   2106 |   4 |  958.0 |
   Spider Nest |   6697 |   5455 |   1242 |    488 |   2992 |   4 | 1674.2 |
    Slime Pits |   2634 |   2458 |    176 |    550 |   1390 |   5 |  526.8 |
  Orcish Mines |   2275 |   1397 |    878 |      4 |    919 |   2 | 1137.5 |
   Elven Halls |   3458 |   2917 |    541 |    581 |   1328 |   3 | 1152.7 |
        Vaults |   7454 |   6848 |    606 |    615 |   4495 |   5 | 1490.8 |
         Crypt |   3011 |   2889 |    122 |     59 |   1784 |   3 | 1003.7 |
        Depths |   4951 |   4444 |    507 |    505 |   2297 |   4 | 1237.8 |
          Hell |     83 |     83 |      0 |      0 |      0 |   1 |   83.0 |
           Zot |    968 |    900 |     68 |    107 |    491 |   1 |  968.0 |
   Pandemonium |     28 |     28 |      0 |      0 |      0 |   1 |   28.0 |
      Ice Cave |    537 |    537 |      0 |    244 |     93 |   1 |  537.0 |
       Volcano |    348 |    348 |      0 |     67 |    123 |   1 |  348.0 |
        Wizlab |   1486 |   1486 |      0 |    835 |     86 |   1 | 1486.0 |
         Arena |     18 |     18 |      0 |     15 |      0 |   1 |   18.0 |
               +--------+--------+--------+--------+--------+-----+--------+

Top non-repeatable levels by time:
Spider:3: 3046 daAuts
Vaults:4: 1972 daAuts
  Lair:2: 1802 daAuts
  Lair:5: 1764 daAuts
Vaults:2: 1691 daAuts
Depths:1: 1656 daAuts
    D:13: 1638 daAuts
   Elf:3: 1634 daAuts
  Lair:3: 1532 daAuts
    D:11: 1514 daAuts
  WizLab: 1486 daAuts
Vaults:3: 1480 daAuts
  Lair:4: 1477 daAuts
    D:15: 1455 daAuts
   Elf:1: 1409 daAuts
